 Dungeon Crawl Stone Soup version 0.14-a0-504-gf2529f3 (console) character file.

77 Kellhus the Magician (level 3, -3/17 HPs)
             Began as a Deep Elf Wizard on Oct 31, 2013.
             Slain by Terence
             ... wielding a +0,+0 flail
              (8 damage)
             ... on Level 2 of the Dungeon.
             The game lasted 00:01:33 (1461 turns).

Kellhus the Magician (Deep Elf Wizard)              Turns: 1461, Time: 00:01:34

HP  -3/17        AC  3     Str  4      XL: 3   Next: 26%
MP   1/13        EV 13     Int 23      God:
Gold 38          SH  0     Dex 16      Spells:  1 memorised,  9 levels left

Res.Fire  : . . .   See Invis. : .   (no weapon)
Res.Cold  : . . .   Warding    : .   a - +0 elf robe
Life Prot.: . . .   Conserve   : .   (no shield)
Res.Poison: .       Res.Corr.  : .   b - +0 elf wizard hat
Res.Elec. : .       Clarity    : .   (no cloak)
Sust.Abil.: . .     Spirit.Shd : .   k - +0 pair of gauntlets
Res.Mut.  : .       Stasis     : .   (no boots)
Res.Rott. : .       Flight     : .   (no amulet)
Saprovore : . . .                    (no ring)
                                     i - +3 ring of dexterity

@: slightly resistant to hostile enchantments, fairly stealthy
A: no striking features
a: no special abilities


You were on level 2 of the Dungeon.
You were not hungry.

You visited 1 branch of the dungeon, and saw 2 of its levels.

You collected 38 gold pieces.

Inventory:

Armour
 a - a +0 elven robe (worn)
 b - a +0 elven wizard hat (worn)
 k - a +0 pair of gauntlets (worn)
Comestibles
 d - a bread ration
Scrolls
 e - a scroll of noise {unknown}
 f - a scroll of curse armour {unknown}
 g - a scroll of recharging {unknown}
 j - 2 scrolls of remove curse {unknown}
Jewellery
 i - a +3 ring of dexterity (left hand)
Potions
 h - 2 potions of invisibility {unknown}
 l - a potion of brilliance {unknown}
Books
 c - a book of Minor Magic

   Spells                             Type                      Level
   *Magic Dart                        Conjuration                  1
   Blink                              Translocation                2
   Call Imp                           Summoning                    2
   Repel Missiles                     Charms/Air                   2
   Slow                               Hexes                        2
   Conjure Flame                      Conjuration/Fire             3
   Mephitic Cloud                     Conjuration/Poison/Air       3


   Skills:
 - Level 2.4 Dodging
 - Level 2.4 Stealth
 - Level 4.4 Spellcasting
 + Level 3.5 Conjurations
   Level 1.1 Summonings
   Level 1.1 Translocations


You had 9 spell levels left.
You knew the following spells:

 Your Spells              Type           Power        Failure   Level  Hunger
a - Magic Dart            Conj           ###.         2%          1    None


Dungeon Overview and Level Annotations

Branches:
Dungeon (2/27)

Altars:

Annotations:
D:2 Terence


Message History

The magic dart hits Terence.
Terence is moderately wounded.
Terence completely misses you.
Casting: Magic Dart
Confirm with . or Enter, or press ? or * to list all spells.
Aiming: Magic Dart
Press: ? - help, Shift-Dir - straight line, f/p - Terence
Aim: Terence, wielding a flail and wearing a ring mail (moderately wounded)
The magic dart hits Terence.
Terence is heavily wounded.
Terence closely misses you.
Casting: Magic Dart
Confirm with . or Enter, or press ? or * to list all spells.
Aiming: Magic Dart
Press: ? - help, Shift-Dir - straight line, f/p - Terence
Aim: Terence, wielding a flail and wearing a ring mail (heavily wounded)
The magic dart hits Terence.
Terence is severely wounded.
Terence hits you with a flail!
You die...

. #.# #....#......#.#. #.# #.#
#.........>.'.## #.#.# ##.##
#....#......#### ###.#.. ...#
#....#......# # ...#.# #..#
#%...#......# # ..#.####..#
#....#......# # #.....#..#
#....#......# #
######..##.#..####....#......# #
................@...........## #
........##.##...@....######.# #
######.###.##........# #.# ###
............#........# #.# #..
######.###..#........######.###.#
######.# ...#.#.####............#
#......# .#.#.#.# #............#
....#### . .#.#.# #............#
#.#.# . .#.#.# #............#


You could see Terence.

Vanquished Creatures
  An ooze (D:1)
  4 bats
  9 hobgoblins
  A ball python (D:1)
  A giant cockroach (D:2)
  2 giant geckos
  3 giant newts
  8 goblins
  4 kobolds
  3 rats (D:1)
36 creatures vanquished.

Notes
Turn   | Place    | Note
--------------------------------------------------------------
     0 | D:1      | Kellhus, the Deep Elf Wizard, began the quest for the Orb.
     0 | D:1      | Reached XP level 1. HP: 8/8 MP: 7/7
   533 | D:1      | Reached XP level 2. HP: 13/13 MP: 7/10
  1081 | D:2      | Reached XP level 3. HP: 17/17 MP: 7/13
  1442 | D:2      | Noticed Terence
  1461 | D:2      | Slain by Terence

Action                   || total
-------------------------++-------
 Cast: Magic Dart        ||    81
